 Dungeon Crawl Stone Soup version 0.32-a0-540-g866d13106e (webtiles) character file.

Game seed: 12000139355427008780

109 javelincjr the Grasshopper (level 4, 0/34 HPs)
             Began as a Demonspawn Warper on Feb 28, 2024.
             Killed from afar by an orc wizard (7 damage)
             ... with a magic dart
             ... on level 3 of the Dungeon.
             The game lasted 00:07:41 (1986 turns).

javelincjr the Grasshopper (Demonspawn Warper)      Turns: 1986, Time: 00:07:42

Health: 0/34       AC:  8    Str: 13    XL:     4   Next: 60%
Magic:  0/8        EV: 11    Int: 13    God:
Gold:   88         SH:  0    Dex: 19    Spells: 4/8 levels left

rFire   . . .        p - +0 trident
rCold   + . .        (no shield)
rNeg    . . .        h - +0 ring mail
rPois   .            (no helmet)
rElec   .            (no cloak)
rCorr   .            w - +2 pair of gloves
SInv    .            (no boots)
Will    .....        y - amulet of guardian spirit Stlth
                     f - ring of protection from cold
HPRegen 0.25/turn    v - +6 ring of dexterity
MPRegen 0.11/turn

%: guardian spirit
@: confused, weak-willed
A: spiny 1, weakness stinger 1
a: no special abilities


You were on level 3 of the Dungeon.
You visited 1 branch of the dungeon, and saw 3 of its levels.

You collected 88 gold pieces.

Inventory:

Hand Weapons
 a - a +0 spear
 g - a +1 dagger of electrocution
 p - a +0 trident (weapon)
Missiles
 d - 7 darts of dispersal (quivered)
 q - 2 javelins
Armour
 b - a +0 leather armour
 h - a +0 ring mail (worn)
 w - a +2 pair of gloves (worn)
Jewellery
 f - a ring of protection from cold (left hand)
 r - a ring of willpower
 v - a +6 ring of dexterity (right hand)
 x - a ring of protection from fire
 y - an amulet of guardian spirit (around neck)
Talismans
 s - a maw talisman
Scrolls
 j - a scroll of enchant armour
 m - 3 scrolls of identify
Potions
 e - 4 potions of enlightenment {unknown}
 i - a potion of attraction {unknown}
 l - a potion of haste {unknown}
 n - a potion of lignification {unknown}
 o - a potion of invisibility {unknown}
 t - 2 potions of heal wounds


   Skills:
 * Level 2.9 Fighting
 + Level 2.2 Polearms
 - Level 0.8 Throwing
 + Level 1.4 Armour
 + Level 2.1 Dodging
 - Level 0.2 Stealth
 * Level 2.8 Spellcasting
 * Level 3.1 Translocations


You had 4 spell levels left.
You knew the following spells:

 Your Spells              Type           Power      Damage    Failure   Level
a - Blink                 Tloc           18%        N/A       21%         2
b - Lesser Beckoning      Tloc           18%        N/A       21%         2

Your spell library contained the following spells:

 Spells                   Type           Power      Damage    Failure   Level
 Teleport Other           Tloc           9%         N/A       38%         3
 Mercury Vapours          Alch/Air       2%         N/A       58%         2
 Manifold Assault         Tloc           9%         N/A       80%         4
 Mephitic Cloud           Conj/Alch/Air  1%         N/A       83%         3
 Vhi's Electric Charge    Tloc/Air       10%        N/A       95%         4
 Freezing Cloud           Conj/Ice/Air   0%         6-21      100%        5


Dungeon Overview and Level Annotations

Branches:
Dungeon (3/15)

Altars:


Innate Abilities, Weirdness & Mutations

You are partially covered in sharp spines.
You have a small tail.


Message History

Press: ? - help, Dir - move target, f/p - gnoll
Aim: a gnoll, wielding a +0 spear (almost dead, about 35% to evade your +0 trident)
Something you can't see is in the way.
You closely miss something. You tail-slap something. Something hits you.
* * * LOW HITPOINT WARNING * * *
The gnoll hits you but does no damage.
Reach: p) +0 trident
Press: ? - help, Dir - move target, f/p - gnoll
Aim: a gnoll, wielding a +0 spear (almost dead, about 35% to evade your +0 trident)
Something you can't see is in the way.
You hit something.
Your tail-slap misses something.
You hear some strange, mumbled words.
A magic dart appears from out of thin air!
The magic dart hits you.
* * * LOW HITPOINT WARNING * * *
The gnoll barely misses you. Something hits you.
* * * LOW HITPOINT WARNING * * *
The gnoll hits you from afar with a +0 spear.
* * * LOW HITPOINT WARNING * * *
Cast which spell? (? or * to list)
Okay, then.
Blink to where?
Press: ? - help, Q - select action, (/) - cycle Dir - move target, p - gnoll
As you read the scroll of blinking, it crumbles to dust.
As you read the scroll labelled QINOTO JILIKK, it crumbles to dust.
It is a scroll of identify.
t - 2 potions of heal wounds
As you read the scroll labelled SUHIOMADOS, it crumbles to dust.
It is a scroll of enchant armour.
Your +1 pair of gloves glows green for a while.
As you read the scroll labelled JINOIZXITZ, it crumbles to dust.
A wave of despondency washes over your surroundings.
It was a scroll of vulnerability.
The air fills with toxic fumes!
As you read the scroll labelled WOELOM TAHEB, it crumbles to dust.
It was a scroll of poison.
You are confused.
A magic dart appears from out of thin air!
The magic dart hits you!
You die...

.........##......###.####)#######
........###....###§§☼####.#
..>...### #....# #§#§.....#
†.....# ....###☼§§.....# ......#
####☼°{......# ......#
##§○#....... ......# #☼°§#......#
......# #○§##......# .....##
#@###......# ....## ### #####


There were no monsters in sight!

Vanquished Creatures
  2 gnolls (D:3)
  An adder (D:2)
  3 dart slugs
  6 orcs
  5 ball pythons
  4 bats
  5 endoplasms
  3 giant cockroaches
  3 goblins (D:1)
  4 hobgoblins
  11 jackals
  4 kobolds
  2 quokkas (D:1)
  6 frilled lizards
  3 rats
62 creatures vanquished.

Notes
Turn   | Place    | Note
-------+----------+-------------------------------------------
     0 | D:1      | javelincjr the Demonspawn Warper began the quest for the
                  | Orb.
     0 | D:1      | Reached XP level 1. HP: 16/16 MP: 3/3
   150 | D:1      | Gained mutation: You are partially covered in sharp spines.
                  | [demonic ancestry]
   150 | D:1      | Reached XP level 2. HP: 22/22 MP: 5/5
   411 | D:1      | Reached skill level 1 in Armour
   457 | D:1      | Discovered your monstrous ancestry.
   457 | D:1      | Gained mutation: You have a small tail. [demonic ancestry]
   457 | D:1      | Reached XP level 3. HP: 23/28 MP: 6/6
   486 | D:1      | Learned a level 2 spell: Blink
   489 | D:1      | Learned a level 2 spell: Lesser Beckoning
   992 | D:2      | Reached skill level 3 in Translocations
  1217 | D:2      | Reached XP level 4. HP: 34/34 MP: 7/7
  1986 | D:3      | Killed from afar by an orc wizard

Illustrated notes

Levels and vault maps discovered:
D:1:      grunt_arrival_lava_bath, layout_basic, minivault_26
D:2:      layout_loops_corners
D:3:      minmay_bubble_buster, layout_rooms, lemuel_doored_altar,
          gammafunk_temple_overflow_statue

Skill      XL: |  1  2  3 |
---------------+----------+-----
Armour         | 1 |  1.4
Polearms       | 2 |  2.2
Dodging        | 2 |  2.1
Translocations | 3 |  3.1
Fighting       | |  2.9
Throwing       | |  0.8
Stealth        | |  0.2
Spellcasting   | |  2.8

Action                     |  1- 3 |  4- 6 || total
---------------------------+-------+-------++-------
  Melee: Spear             |    38 |       ||    38
         Dagger            |    58 |       ||    58
         Trident           |     7 |    41 ||    48
         Tailslap          |     2 |     4 ||     6
    Use: Scroll            |       |     5 ||     5
 Armour: Leather armour    |    18 |       ||    18
         Ring mail         |    35 |    28 ||    63
  Dodge: Dodged            |    36 |    18 ||    54

Table legend: (Time is in decaauts)
 A = Elapsed time spent in this place.
 B = Non-inter-level travel time spent in this place.
 C = Inter-level travel time spent in this place.
 D = Time resting spent in this place.
 E = Time spent auto-exploring this place.
 F = Levels seen in this place.
 G = Mean time per level.
                   A        B        C        D        E       F      G
               +--------+--------+--------+--------+--------+-----+--------+
         Total |   1991 |   1928 |     63 |      0 |   1524 |   3 |  663.7 |
       Dungeon |   1991 |   1928 |     63 |      0 |   1524 |   3 |  663.7 |
               +--------+--------+--------+--------+--------+-----+--------+

Top non-repeatable levels by time:
     D:1: 952 daAuts
     D:2: 912 daAuts
     D:3: 126 daAuts
